Cogmind - Beta 16.1 @@@ ROGUE MODE // 2026.02.21 @ 00:23:54 Player: C4PT41N Result: Destroyed by A3-D5N(R) with Subdweller Laser Performance ------------- Evolutions (0) 0 Regions Visited (2) 400 Robots Destroyed (31) 155 Value Destroyed (576) 576 Prototype IDs (0) 0 Alien Tech Used (0) 0 Bonus (0) 0 TOTAL SCORE: 1131 Bonus ------- None Cogmind --------- Core Integrity 0/250 Matter 246/300 Energy 99/100 System Corruption 0% Temperature Cool (6) Movement Core (200) Ox3 Location -10/Subcaves Parts ------- > --- POWER (1) -------- (None) > --- PROPULSION (2) --- (None) > --- UTILITY (2) ------ Medium Storage Unit Transport Network Coupler > --- WEAPON (2) ------- (None) > --- INVENTORY (10) --- Light Treads Improved Heat Sink Visual Processing Unit Sensor Array Improved Targeting Computer Improved Targeting Computer Utility Shielding Datajack Peak State ------------ > --- POWER ------------ Light Nuclear Core > --- PROPULSION ------- Light Treads Light Treads > --- UTILITY ---------- Small Storage Unit Transport Network Coupler > --- WEAPON ----------- Light Cannon Light Cannon > --- INVENTORY -------- Light Treads Light Treads Improved Heat Sink Visual Processing Unit Sensor Array Seismic Detector EM Pulse Gun Mining Laser [Rating: 10] Favorites ----------- Power Light Nuclear Core Engine Ion Engine Power Core Light Nuclear Core Propulsion Light Treads Treads Light Treads Utility Transport Network Coupler Device Sensor Array Storage Small Storage Unit Processor Transport Network Coupler Weapon Light Cannon Energy Gun EM Pulse Gun Ballistic Gun Assault Rifle Ballistic Cannon Light Cannon Special Weapon Mining Laser Special Melee Weapon Datajack Build | -11 -10 -10 ------- Run | Yrd Mat Sub Slots Evolved . | . . . Power . | . . . Propulsion . | . . . Utility . | . . . Weapon . | . . . Parts Attached 18 | 8 8 2 Power 2 | 1 1 . Engine 1 | 1 . . Core 1 | . 1 . Reactor . | . . . Propulsion 3 | 2 . 1 Treads 3 | 2 . 1 Leg . | . . . Wheel . | . . . Hover . | . . . Flight . | . . . Utility 6 | 3 3 . Device 3 | 2 1 . Storage 2 | 1 1 . Processor 1 | . 1 . Hackware . | . . . Protection . | . . . Artifact . | . . . Weapon 7 | 2 4 1 Energy Gun 1 | . 1 . Energy Cannon . | . . . Ballistic Gun 2 | 2 . . Ballistic Cannon 2 | . 2 . Launcher . | . . . Special Weapon 1 | . . 1 Impact Weapon . | . . . Slashing Weapon . | . . . Piercing Weapon . | . . . Special Melee Weapon 1 | . 1 . Unidentified Prototypes . | . . . Parts Lost 7 | . . 7 Power 1 | . . 1 Propulsion 3 | . . 3 Utility . | . . . Weapon 3 | . . 3 Highest Loss Streak 7 | . . 7 To Critical Strikes . | . . . Average Backups 7 | 1 8 9 Power . | . . . Propulsion 1 | . 1 1 Utility 3 | . 4 6 Weapon 1 | . 1 . Tool/Special . | . . . Unused Backups 11 | 3 2 6 Power . | . . . Propulsion 6 | 3 2 1 Utility 5 | . . 5 Weapon . | . . . Tool/Special . | . . . Average Slot Usage (%) 98 | . 99 96 Engine 2 | . 3 . Core 11 | . 10 14 Treads 27 | . 28 26 Device 1 | . 2 . Storage 14 | . 14 14 Processor 12 | . 11 14 Ballistic Gun 1 | . 2 . Ballistic Cannon 24 | . 24 25 Peak Build Rating 10 | 9 10 10 Average Rating 8 | 6 9 9 On Entrance 5 | . 7 10 Avg Prop Armor Cover (%) . | . . . Naked Turns . | . . . Heaviest Build 21 | 14 21 21 Greatest Support 40 | 40 40 40 Greatest Overweight (x) 4 | . . 4 Average Overweight (x) . | . . . Largest Inventory Capacity 10 | 8 10 10 Average Capacity 8 | 7 8 10 Most Carried 10 | 5 10 10 Average Carried 7 | 1 8 9 Final Capacity 10 | 8 10 10 Final Carried 10 | 4 10 8 Class Distribution -------------------- 100% | Mutant Dominant Class ---------------- Mutant | -10/Materials Mutant | -10/Subcaves Resources | -11 -10 -10 ----------- Run | Yrd Mat Sub Matter Collected 727 | 372 273 82 Remotely . | . . . Salvage Created 839 | 245 474 120 Parts 65 | 22 30 13 Haulers Intercepted 2 | . 2 . Recyclers Shooed . | . . . Parts Field Recycled . | . . . Retrieved Matter . | . . . Parts Self-Destructed 8 | . . 8 Prevented . | . . . Parts Restored . | . . . Kills | -11 -10 -10 ------- Run | Yrd Mat Sub Combat Hostiles Destroyed 14 | . 9 5 Cannons 14 | . 9 5 Classes Destroyed 8 | 3 4 1 Worker 3 | 2 1 . Tunneler 7 | 7 . . Hauler 2 | . 2 . Recycler 2 | 1 1 . Watcher 3 | . 3 . Swarmer 3 | . 3 . Grunt 6 | . 6 . Subdweller 5 | . . 5 Best Kill Streak 3 | 3 3 2 Combat Bots Only 3 | . 3 2 Max Kills in Single Turn 2 | 2 1 1 Gunslinging . | . . . Exploded . | . . . Melee . | . . . Uniques/NPCs Destroyed . | . . . Combat | -11 -10 -10 -------- Run | Yrd Mat Sub Hostile Shots Fired 91 | . 19 72 Missed 32 | . 8 24 Hits 59 | . 11 48 Projectile 59 | . 11 48 Damage Taken 1107 | . 116 991 Core 264 | . 12 252 Absorbed by Shields . | . . . Regen/Repaired (Parts) 46 | . 46 . Core Remaining (%) 100 | 100 . . Volleys Fired 69 | 23 22 24 Largest 2 | 2 2 2 Hottest 60 | 40 60 60 Shots Fired 129 | 46 42 41 Gun 52 | 46 6 . Cannon 77 | . 36 41 Launcher . | . . . Special . | . . . Kinetic 126 | 46 39 41 Thermal . | . . . Explosive . | . . . Electromagnetic 3 | . 3 . Robot Hit Streak 16 | 9 16 6 Robot Miss Streak 2 | 2 2 2 Penetration Max . | . . . Secondary Targets . | . . . Shots Hit Robots 81 | 28 26 27 Core Hits 45 | 15 18 12 Critical Kills . | . . . Critical Parts Destroyed . | . . . Critical Strikes 2 | . 1 1 Blast 2 | . 1 1 Melee Attacks 2 | . 2 . Impact . | . . . Slashing . | . . . Piercing . | . . . Sneak Attacks . | . . . Combat Hostiles . | . . . Follow-up Attacks . | . . . Damage Inflicted 1225 | 291 474 460 Guns 334 | 291 43 . Cannons 859 | . 413 446 Explosions . | . . . Melee . | . . . Ramming 32 | . 18 14 Kinetic 1150 | 291 413 446 Thermal . | . . . Explosive . | . . . Electromagnetic 43 | . 43 . Impact . | . . . Slashing . | . . . Piercing . | . . . Highest Corruption . | . . . Average Corruption . | . . . Corruption Purged . | . . . Corruption Blocked . | . . . Overload Shots . | . . . Overflow Damage . | . . . Projectiles . | . . . Explosions . | . . . Melee . | . . . Knockbacks 9 | . 5 4 Impact 1 | . 1 . Kinetic 7 | . 3 4 Secondary 1 | . 1 . Self-Inflicted Damage . | . . . Shots . | . . . Rammed 11 | . 4 7 Targets Rammed 11 | . 4 7 Kicked . | . . . Crushed . | . . . Highest Temperature 30 | . 30 . Average Temperature 11 | . 11 . Received Heat Transfer 180 | . 36 144 Siege Activations . | . . . Martial Activations . | . . . Shielding Activations . | . . . Robots Disrupted . | . . . Combat Hostiles . | . . . Robots Corrupted . | . . . Combat Hostiles . | . . . Parts Fried . | . . . Impact Corruptions . | . . . Robots Melted . | . . . Combat Hostiles . | . . . Parts Melted . | . . . Heat Transferred . | . . . Parts Sabotaged . | . . . Parts Stolen . | . . . Parts Stripped . | . . . Power Chain Reactions . | . . . Alert | -11 -10 -10 ------- Run | Yrd Mat Sub Maximum Alert Level . | . . . Low Security (%) 100 | 100 100 . Level 1 . | . . . Level 2 . | . . . Level 3 . | . . . Level 4 . | . . . Level 5 . | . . . High Security . | . . . Max Security . | . . . Peak Influence 80 | 10 80 . Initial . | . . . Average 14 | . 18 . Influence Increases 355 | 50 305 . Destroy 0b10 Robot/C 180 | . 180 . Destroy 0b10 Robot/NC 85 | 50 35 . Destroy Leader 50 | . 50 . Successful Hack 8 | . 8 . Destroy Structure 2 | . 2 . Lose Combat Pursuer 30 | . 30 . Influence Decreases 355 | 50 300 5 Entered New Map 3 | . . 3 Time Decay 352 | 50 300 2 Squads Dispatched 2 | . 2 . Investigation 1 | . 1 . Extermination . | . . . Reinforcement 1 | . 1 . Assault . | . . . Garrison . | . . . Intercept . | . . . Searches Triggered . | . . . Construction Impeded . | . . . Haulers Reinforced . | . . . Active Scanning Responses . | . . . Cargo Convoy Interrupts . | . . . Stealth | -11 -10 -10 --------- Run | Yrd Mat Sub Distress Signals . | . . . Communications Jammed . | . . . Distress Signals . | . . . Times Spotted 27 | . 17 10 Peak Tracking Total 5 | . 3 5 Tactical Retreats 1 | . 1 . Traps | -11 -10 -10 ------- Run | Yrd Mat Sub Traps Triggered 3 | . 3 . Indirectly . | . . . Trap Hack Attempts 9 | . 9 . Triggered . | . . . Disarmed 1 | . 1 . Reprogrammed . | . . . Reused . | . . . Traps Extracted . | . . . Installed . | . . . Triggered . | . . . Machines | -11 -10 -10 ---------- Run | Yrd Mat Sub Machines Disabled . | . . . Max in Single Turn . | . . . Machines Repaired . | . . . Machines Dismantled . | . . . Machines Sabotaged . | . . . Overloaded Fab Kills . | . . . Hacking | -11 -10 -10 --------- Run | Yrd Mat Sub Machines Accessed 4 | . 4 . Terminals 3 | . 3 . Fabricators . | . . . Repair Stations 1 | . 1 . Recycling Units . | . . . Scanalyzers . | . . . Garrison Access . | . . . Total Hacks 7 | . 7 . Successful 6 | . 6 . Failed 1 | . 1 . Catastrophic . | . . . Database Lockouts . | . . . Manual 3 | . 3 . Terminals 5 | . 5 . Fabricators . | . . . Repair Stations 2 | . 2 . Recycling Units . | . . . Scanalyzers . | . . . Garrison Access . | . . . Terminal Hacks 4 | . 4 . Alert Level 1 | . 1 . Locate Traps 2 | . 2 . Zone Layout 1 | . 1 . Fabricator Hacks . | . . . Repair Station Hacks 2 | . 2 . Scan Component 1 | . 1 . Repair 1 | . 1 . Recycling Unit Hacks . | . . . Scanalyzer . | . . . Garrison Access Hacks . | . . . Unauthorized Hacks . | . . . Terminals . | . . . Fabricators . | . . . Repair Stations . | . . . Recycling Units . | . . . Scanalyzers . | . . . Garrison Access . | . . . Data Cores Recovered . | . . . Used . | . . . Hacking Detections 4 | . 4 . Full Trace Events . | . . . Feedback Events . | . . . Feedback Blocked . | . . . Robot Schematics Acquired . | . . . Robots Built . | . . . Authchips . | . . . Time . | . . . Total Robot Build Rating . | . . . Part Schematics Acquired . | . . . Parts Built . | . . . Authchips . | . . . Time . | . . . Total Part Build Rating . | . . . Part Studies Acquired . | . . . Parts Repaired 1 | . 1 . Time 26 | . 26 . Parts Recycled . | . . . Recycled Matter . | . . . Retrieved Matter . | . . . Retrieved Components . | . . . Parts Scanalyzed . | . . . Part Schematics Acquired . | . . . Parts Damaged . | . . . Bothacking | -11 -10 -10 ------------ Run | Yrd Mat Sub Used RIF Installer . | . . . Robots Hacked . | . . . Non-combat . | . . . Combat . | . . . Robot Hacks Applied . | . . . Relay Couplers Released . | . . . Fabnet Peak Effective % . | . . . Robots Rewired . | . . . Allies Hacked . | . . . Hacks Repelled . | . . . Allies | -11 -10 -10 -------- Run | Yrd Mat Sub Total Allies . | . . . Largest Group . | . . . Highest-Rated Group . | . . . Highest-Rated Ally . | . . . Total Orders . | . . . Ally Attacks . | . . . Total Damage . | . . . Kills . | . . . Allies Corrupted . | . . . Allies Melted . | . . . Intel | -11 -10 -10 ------- Run | Yrd Mat Sub Active Infowar (turns) 2309 | 203 1712 394 Sensors 244 | . 244 . Terrain 63 | 63 . . Seismic 168 | 140 28 . T.N.C. 1834 | . 1440 394 Robot Analysis Total . | . . . Derelict Logs Recovered 1 | . . 1 Drone Launches . | . . . Drone Recoveries . | . . . Exploration | -11 -10 -10 ------------- Run | Yrd Mat Sub Turns Passed 2560 | 452 1714 394 Spaces Moved 1410 | 239 975 196 Core 14 | 12 . 2 Treads 1396 | 227 975 194 Legs . | . . . Wheels . | . . . Hover . | . . . Flight . | . . . Fastest Speed 50 | 50 160 160 Average Speed 159 | 154 160 160 Slowest Speed 250 | 160 160 250 Overloaded Moves . | . . . Propulsion Burnouts . | . . . Robots Hopped . | . . . Potential Cave-ins . | . . . Cave-ins Triggered . | . . . Exploration Rate (%) 39 | 8 95 15 Regions Visited 2 Branch Regions 1 Pre-discovered Areas . | . . . Known Exits Taken . | . . . Unknown Exits Taken 2 | 1 1 . Scrap Searched . | . . . Spaces Dug . | . . . Terrain Destroyed . | . . . Melee . | . . . Projectile . | . . . AOE . | . . . Terrain Rammed . | . . . Walls Destroyed . | . . . Machines Disabled . | . . . Actions | -11 -10 -10 --------- Run | Yrd Mat Sub Total 1594 | 279 1084 231 Wait 36 | . 36 . Move 1408 | 238 974 196 Hop . | . . . Pick Up 16 | 6 10 . Fast Attach 17 | 8 9 . Attach 2 | . . 2 Detach 5 | 1 4 . Swap 5 | . 5 . Drop 12 | 3 9 . Fire 69 | 23 22 24 Melee 2 | . 2 . Ram . | . . . Kick . | . . . Crush 11 | . 4 7 Escape Stasis . | . . . Rewire 2 | . . 2 Trap 9 | . 9 . Miscellaneous . | . . . Route ------- -11/Scrapyard -10/Materials (discovered 6 exits: [*Mat x3] / [*Min x2] / [*Sub]) -10/Subcaves History --------- Turn | Location | Event 41 | -11/Scrapyard | Discovered new exit (range 16) 453 | -11/Scrapyard | Entered Materials 454 | -10/Materials | Build established: Mutant 744 | -10/Materials | Discovered new exit (range 16) 933 | -10/Materials | Discovered new exit (range 9) 1107 | -10/Materials | Discovered new exit (range 8) 1389 | -10/Materials | Discovered new exit (range 15) 1643 | -10/Materials | Discovered new exit (range 6) 1720 | -10/Materials | Discovered new exit (range 10) 2002 | -10/Materials | Repaired Lgt. Cannon 2167 | -10/Materials | Entered Subcaves 2168 | -10/Subcaves | Approached by a straggling Scientist 2428 | -10/Subcaves | Learned 2 Materials zone layouts 2537 | -10/Subcaves | A Subdweller sparked back to life 2552 | -10/Subcaves | Core integrity fell below 50% 2554 | -10/Subcaves | Core integrity fell below 20% 2561 | -10/Subcaves | Destroyed by A3-D5N(R) with Subdweller Laser Last Messages --------------- 02456_ Attempting to rewire 0K-TL4(R). 02456_ 0K-TL4(R) is broken beyond repair. 02493_ S4-9PT(R) knocked back. 02503_ S4-9PT(R) destroyed. 02506_ 5X-2JR(R) destroyed. 02510_ Lgt. Cannon destroyed. 02518_ Lgt. Treads destroyed. 02530_ Lgt. Cannon destroyed. 02532_ Mining Laser destroyed. 02536_ Slammed into W6-N35(R). 02537_ 0K-TL4(R) creaks and sparks as it begins to move. 02537_ Slammed into W6-N35(R). 02549_ Lgt. Treads destroyed. 02550_ W6-N35(R) affixes Scrap Shield Fragment to Scrap Shield. 02550_ Slammed into 0K-TL4(R). 02552_ Slammed into W6-N35(R). 02558_ Lgt. Treads destroyed. 02560_ Lgt. Nuclear Core destroyed. Map ----- +----------------------------------------------------+ | ?????????????????????????????????? ????????????? | | ?????????????????????????????????? ?????????? | | ?????????????????????????????????? % ????????? | | ????????????????????????????????? ????????? | | ????????????????????????????????? ! ????????? | | ?????????????????????????????????% %* ?????????? | | ????????????????????????????????? ! ??????????? | | ????????????????????????????????? % ???????????? | | ???????????????????? ??????????? %&#????????????? | | ???????????????????? ""?????###??%%!#?????? ???? | | ?????????????????? """ "???##"### & #???? ???? | | ?????????????????? ""#??# "" ### ??????? | | ???????????????????""""""### ##????????? | | ????????????????# """ ""% #????????? | | ?????????????????""" "" #????????? | | ?????????????????"" ## ## ## ## # #????????? | | ????????????????????###### ### ###??????????????? | | ??????????????? "<# < ####????????????????? | | ??????????????# "